 Dungeon Crawl Stone Soup version 0.26.1-11-gd32895ea62 (webtiles) character file.

Game seed: 1771350101354077816

2214 Tirrikindir the Zephyrmancer (level 9, -9/76 HPs)
             Began as an Octopode Air Elementalist on Apr 26, 2021.
             Mangled by an orc warrior
             ... wielding a +0 halberd
              (12 damage)
             ... on level 7 of the Dungeon.
             The game lasted 00:22:53 (8480 turns).

Tirrikindir the Zephyrmancer (OpAE)                 Turns: 8480, Time: 00:22:53

Health: -9/76      AC: 31    Str:  8    XL:     9   Next: 35%
Magic:  0/13       EV:  2    Int: 18    God:
Gold:   304        SH:  8    Dex: 14    Spells: 4/14 levels left

rFire    . . .     SeeInvis .   g - +5 flail (protect)
rCold    . . .     Faith    .   b - +3 buckler
rNeg     + + +     Spirit   +   (helmet currently unavailable)
rPois    +         Reflect  .   h - amulet of guardian spirit
rElec    .         Harm     .   f - ring of poison resistance
rCorr    .         Rampage  .   p - ring of stealth
Will     .....     NoTele   +   (no ring)
Stlth    ++++......             (no ring)
HPRegen  0.22/turn              (no ring)
MPRegen  0.13/turn              (no ring)
                                (no ring)
                                (no ring)

@: mighty, tree-form, protection aura
A: almost no armour, stealthy swim, (amphibious), 8 rings, (constrict 8)
a: no special abilities


You were on level 7 of the Dungeon.
You were a tree.
You visited 1 branch of the dungeon, and saw 7 of its levels.

You collected 304 gold pieces.

Inventory:

Hand Weapons
 g - a +5 flail of protection (weapon)
Armour
 b - a +3 buckler (worn)
Jewellery
 f - a ring of poison resistance (left branch)
 h - an amulet of guardian spirit (around neck)
 p - a ring of stealth (right branch)
Scrolls
 d - 4 scrolls of remove curse
 i - a scroll of identify
 k - a scroll of magic mapping
 m - a scroll of immolation
Potions
 a - a potion of resistance
 c - 2 potions of might
 e - 2 potions of brilliance


   Skills:
 - Level 4.0 Dodging
 - Level 6.0 Stealth
 - Level 4.0 Shields
 - Level 3.0 Spellcasting
 - Level 5.0 Conjurations
 * Level 9.0 Air Magic


You had 4 spell levels left.
You knew the following spells:

 Your Spells              Type           Power        Failure   Level
a - Shock                 Conj/Air       100%         1%          1
b - Swiftness             Air            35%          1%          2
c - Static Discharge      Conj/Air       27%          2%          3
d - Airstrike             Air            17%          4%          4

Your spell library contained the following spells:

 Spells                   Type           Power        Failure   Level
 Magic Dart               Conj           80%          1%          1
 Mephitic Cloud           Conj/Pois/Air  19%          7%          3
 Animate Skeleton         Necr           4%           16%         1
 Apportation              Tloc           4%           16%         1
 Corona                   Hex            2%           16%         1
 Summon Small Mammal      Summ           8%           16%         1
 Conjure Flame            Conj/Fire      11%          17%         3
 Blink                    Tloc           N/A          24%         2
 Call Imp                 Summ           2%           24%         2
 Slow                     Hex            2%           24%         2
 Lightning Bolt           Conj/Air       13%          26%         5


Dungeon Overview and Level Annotations

Branches:
Dungeon (7/15)             Temple (0/1) D:7

Altars:
Ashenzari
Elyvilon
Fedhas
Makhleb
Trog
The Shining One

Shops:
D:4 (=[   D:6 (   D:7 :

Annotations:
D:7 Dowan, Duvessa


Innate Abilities, Weirdness & Mutations

You cannot wear most types of armour.
You are very stealthy in the water. (Stealth+)
((You are amphibious.))
You can wear up to eight rings at the same time.
((You can use your tentacles to constrict eight enemies at once.))
((Your skin changes colour to match your surroundings (Stealth+).))
((Your rubbery body absorbs attacks. (AC +1, EV +1)))


Message History

The orc warrior hits you with a +0 halberd.
* * * LOW HITPOINT WARNING * * *
You feel very mighty all of a sudden.
The orc warrior hits you but does no damage.
You closely miss the orc warrior.
The orc warrior is lightly wounded.
You block the orc warrior's attack.
You hit the orc warrior.
Your weapon exudes an aura of protection.
The orc warrior is lightly wounded.
The orc warrior hits you but does no damage.
You hit the orc warrior.
The orc warrior is moderately wounded.
The orc warrior hits you with a +0 halberd!
* * * LOW HITPOINT WARNING * * *
You closely miss the orc warrior.
The orc warrior is moderately wounded.
The orc warrior hits you but does no damage.
The orc warrior hits you with a +0 halberd!
You die...

# ## ≈## #**#### ..# #.,,..#
******* ≈.######.###.# *,,,,,*
#......#...#.#######,,,,,*
##.....###.#))oo♣..+,,,,,*
.......'....########,,,,,********
##.....###..# *,,,,,*,,,,,,,
#.......<#.S# **+*****,***,**
#.########..# *,,,,,**,* *,,* #.*
****#o.# *,,,,,**,* **,* #.*
*,,,#.o# *,,,,,**,***,,* #.*
*,,,#o.# *,,,,,**,**,,,,
#,*###.,,#..# *,,,,,,,,**,,,,


You could see an orc warrior and an orc.

Vanquished Creatures
  Pikel (D:5)
  Sigmund (D:5)
  Menkaure (D:5)
  2 ogres
  A lemure (D:5)
  3 bullfrogs
  A wyvern zombie (D:6)
  2 scorpions
  A water moccasin zombie (D:6)
  A centaur zombie (D:5)
  2 orc priests (D:3)
  A hound (D:5)
  11 orc wizards
  2 iguanas
  5 worker ants
  A killer bee zombie (D:6)
  A hound skeleton (D:6)
  A worker ant zombie (D:6)
  2 gnolls (D:1)
  8 adders
  2 shadow imps
  A white imp (D:5)
  An ufetubus (D:4)
  An ooze (D:1)
  4 worms
  A dart slug (D:1)
  4 leopard geckos
  18 orcs
  9 bats
  5 giant cockroaches
  6 goblins
  6 hobgoblins
  12 jackals
  15 kobolds
  3 quokkas
  A ball python (D:3)
  6 frilled lizards
  9 rats
152 creatures vanquished.

Vanquished Creatures (others)
  4 fungi (D:5)
4 creatures vanquished.

Grand Total: 156 creatures vanquished

Notes
Turn   | Place    | Note
-------+----------+-------------------------------------------
     0 | D:1      | Tirrikindir the Octopode Air Elementalist began the quest
                  | for the Orb.
     0 | D:1      | Reached XP level 1. HP: 11/11 MP: 3/3
   221 | D:1      | Reached XP level 2. HP: 17/17 MP: 1/5
   893 | D:1      | Reached XP level 3. HP: 20/21 MP: 1/6
  1250 | D:1      | Found a broken altar of Ashenzari.
  1458 | D:1      | Reached XP level 4. HP: 27/27 MP: 4/7
  1864 | D:2      | Learned a level 2 spell: Swiftness
  1868 | D:2      | Learned a level 3 spell: Static Discharge
  1914 | D:2      | Found a bloodstained altar of Trog.
  3147 | D:3      | Reached XP level 5. HP: 25/31 MP: 1/8
  3683 | D:3      | Reached skill level 1 in Shields
  3866 | D:3      | Reached skill level 4 in Air Magic
  4367 | D:3      | Reached XP level 6. HP: 8/36 MP: 3/10
  4546 | D:3      | Learned a level 4 spell: Airstrike
  4760 | D:4      | Found Soluvext's Antique Weapon Shop.
  5055 | D:4      | Found Kaesar's Jewellery Shop.
  5075 | D:4      | Found Fasuidgha's Armour Shoppe.
  5152 | D:4      | Found a glowing golden altar of the Shining One.
  5720 | D:5      | Entered Level 5 of the Dungeon
  5895 | D:5      | Found a blossoming altar of Fedhas.
  5934 | D:5      | Reached XP level 7. HP: 29/41 MP: 4/11
  6092 | D:5      | Noticed Menkaure
  6096 | D:5      | Noticed Sigmund
  6117 | D:4      | Reached skill level 5 in Stealth
  6261 | D:5      | Killed Menkaure
  6262 | D:5      | Reached skill level 5 in Air Magic
  6403 | D:5      | Killed Sigmund
  6501 | D:5      | Reached XP level 8. HP: 45/46 MP: 6/12
  6512 | D:5      | Found a burning altar of Makhleb.
  6654 | D:5      | Noticed Pikel
  6674 | D:5      | Killed Pikel
  6675 | D:5      | Reached skill level 6 in Air Magic
  6806 | D:5      | Reached skill level 7 in Air Magic
  7361 | D:6      | Reached XP level 9. HP: 44/51 MP: 5/13
  7454 | D:6      | Reached skill level 8 in Air Magic
  7783 | D:6      | Reached skill level 5 in Conjurations
  7849 | D:6      | Found Aronoes's Weapon Emporium.
  8317 | D:7      | Found a white marble altar of Elyvilon.
  8332 | D:7      | Noticed Duvessa
  8332 | D:7      | Noticed Dowan
  8423 | D:7      | Reached skill level 9 in Air Magic
  8437 | D:7      | Found Miklyizi's Book Shoppe.
  8472 | D:7      | HP: 2/51 [orc warrior/+0 halberd (21)]
  8479 | D:7      | HP: 2/76 [orc warrior/+0 halberd (8)]
  8480 | D:7      | Mangled by an orc warrior

Illustrated notes

Levels and vault maps discovered:
D:1:      mrwooster_arrival_arrow, layout_basic, minmay_misc_feat_tower,
          minmay_hexomino_r4
D:2:      layout_basic, chequers_serial_rivers_micro_b, bloody_trog
D:3:      layout_basic, st_stairs_12
D:4:      layout_cave_pools, general_overflow_altar, serial_shops, shop, shop,
          kennysheep_little_box, minmay_ruptured
D:5:      layout_gridville, lemuel_crystal_altar, fedhas_altar_3, uniq_sigmund,
          uniq_menkaure, uniq_pikel
D:6:      minmay_flawed_box, layout_loops_ring, serial_shops, shop
D:7:      layout_basic, nicolae_overflow_crystal_walls,
          minmay_temple_entry_gardened_gates, nicolae_ossuary_entry_giza,
          ebering_ghost_gozag, basic_altar, serial_shops,
          nicolae_shop_waterfront, uniq_duvessa

Skill      XL: |  1  2  3  4  5  6  7  8  9 |
---------------+----------------------------+-----
Stealth        | 3 4 5 6 |  6.0
Conjurations   | 2 3 4 5 |  5.0
Shields        | 1 2 3 4 |  4.0
Air Magic      | 4 5 7 9 |  9.0
Dodging        | 3 4 |  4.0
Spellcasting   | 3 |  3.0

Action                   |  1- 3 |  4- 6 |  7- 9 || total
-------------------------+-------+-------+-------++-------
Melee: Unarmed           |     2 |       |       ||     2
       Short sword       |    20 |    38 |       ||    58
       Constrict         |     4 |    16 |    21 ||    41
       Tentacles         |       |    12 |    19 ||    31
       Flail             |       |    31 |   115 ||   146
 Cast: Shock             |    40 |   142 |    28 ||   210
       Airstrike         |       |       |    17 ||    17
  Use: Scroll            |     3 |     7 |     8 ||    18
       Potion            |     1 |     1 |     4 ||     6
 Stab: Sleeping          |     1 |     3 |     9 ||    13
Armor: Skin              |     3 |    11 |    17 ||    31
Dodge: Dodged            |    13 |    60 |    62 ||   135
Block: Buckler           |       |    14 |    43 ||    57
